 Dungeon Crawl Stone Soup version 0.26-a0-771-g060e6a62af (webtiles) character file.

Game seed: 9285729775145639795

22658 Conn the Thaumaturge (level 13, -1/76 HPs)
             Began as an Octopode Fire Elementalist on Nov 8, 2020.
             Was an Elder of Sif Muna.
             Slain by a catoblepas (4 damage)
             ... while petrified by you
             ... on level 2 of the Lair of Beasts.
             The game lasted 01:09:02 (18221 turns).

Conn the Thaumaturge (Octopode Fire Elementalist)  Turns: 18221, Time: 01:09:02

Health: -1/76      AC:  2    Str: 13    XL:     13   Next: 1%
Magic:  28/28      EV:  2    Int: 18    God:    Sif Muna [****..]
Gold:   297        SH:  0    Dex: 12    Spells: 9/34 levels left

rFire    + . .     SeeInvis +   K - +1 glaive "Jazor" {flame, rPois rF+ rN+ Int-3}
rCold    + . .     Faith    .   (shield currently unavailable)
rNeg     + + +     Spirit   .   x - +1 hat {SInv}
rPois    ∞         Reflect  .   v - amulet of magic regeneration
rElec    .         Harm     .   A - ring "Cearch" {MR+ EV+4 Str+4}
rCorr    .         Rampage  .   h - ring of see invisible
MR       +....                  O - ring of protection from cold
Stlth    ++++......             (no ring)
HPRegen  0.22/turn              (no ring)
MPRegen  0.46/turn              (no ring)
                                (no ring)
                                (no ring)

@: petrified
A: almost no armour, stealthy swim, amphibious, 8 rings, constrict 8, camouflage
1, gelatinous body 1
a: Channel Magic, Forget Spell, Divine Exegesis, Renounce Religion


You were on level 2 of the Lair of Beasts.
You worshipped Sif Muna.
Sif Muna was greatly pleased with you.
You visited 2 branches of the dungeon, and saw 11 of its levels.

You collected 584 gold pieces.
You spent 287 gold pieces at shops.

Inventory:

Hand Weapons
 a - a +0 dagger
 b - a +0 fustibalus
 y - a +0 dagger of venom
 I - a cursed -3 trident
 K - the +1 glaive "Jazor" (weapon) {flame, rPois rF+ rN+ Int-3}
   (You bought it in a shop on level 7 of the Dungeon)

   It has been specially enchanted to burn those struck by it, causing extra
   injury to most foes and up to half again as much damage against particularly
   susceptible opponents.
   Big, fiery blades are also staple armaments of hydra-hunters.
   It affects your intelligence (-3).
   It protects you from fire.
   It protects you from poison.
   It protects you from negative energy.
Missiles
 c - 52 poisoned darts (quivered)
 l - 5 silver boomerangs
 o - 73 sling bullets
Armour
 i - a +0 buckler
 x - a +1 hat of see invisible (worn)
Magical Staves
 k - an uncursed staff of air
 L - an uncursed staff of death
Jewellery
 h - a ring of see invisible (right tentacle)
 v - an amulet of magic regeneration (around mantle)
 A - the ring "Cearch" (left tentacle) {MR+ EV+4 Str+4}
   (You found it on level 5 of the Dungeon)

   [ring of evasion]

   It affects your evasion (+4).
   It affects your strength (+4).
   It affects your resistance to hostile enchantments.
 O - a ring of protection from cold (on tentacle)
Wands
 t - a wand of random effects (12)
 z - a wand of iceblast (3)
 E - a wand of acid (1)
 F - a wand of flame (20)
 N - a wand of digging (7)
Scrolls
 d - 4 scrolls of immolation
 e - 3 scrolls of enchant weapon {unknown}
 g - 16 scrolls of identify
 j - a scroll of noise {unknown}
 n - a scroll of enchant armour {unknown}
 p - 8 scrolls of remove curse
 s - 5 scrolls of teleportation {unknown}
 w - a scroll of amnesia {unknown}
 B - a scroll of magic mapping {unknown}
 C - a scroll of blinking {unknown}
 H - a scroll of random uselessness {unknown}
 M - a scroll of fear {unknown}
Potions
 m - a potion of curing
 q - a potion of magic
 r - a potion of heal wounds
 u - 2 potions of flight {unknown}
 D - a potion of brilliance
 G - 3 potions of degeneration {unknown}
 J - 3 potions of might
 P - a potion of attraction {unknown}


   Skills:
 + Level 2.4 Fighting
 + Level 2.0 Short Blades
 + Level 3.2 Polearms
 + Level 1.0 Slings
 + Level 0.1(0.5) Throwing
 + Level 4.2 Dodging
 + Level 6.0 Stealth
 + Level 0.2 Unarmed Combat
 * Level 11.0 Spellcasting
 * Level 9.9 Conjurations
 + Level 0.5 Hexes
 * Level 5.0 Summonings
 * Level 10.3 Fire Magic
 * Level 5.3 Ice Magic
 * Level 3.4 Invocations
 + Level 1.3 Evocations


You had 9 spell levels left.
You knew the following spells:

 Your Spells              Type           Power        Failure   Level
a - Foxfire               Conj/Fire      ####         1%          1
b - Conjure Flame         Conj/Fire      #####...     1%          3
c - Inner Flame           Hex/Fire       ####....     2%          3
d - Sticky Flame          Conj/Fire      #####...     1%          4
e - Fireball              Conj/Fire      #####.....   3%          5
f - Call Imp              Summ           ####....     1%          2
g - Summon Guardian Gole  Hex/Summ       ###.....     7%          3
h - Hailstorm             Conj/Ice       #####...     3%          4

Your spell library contained the following spells:

 Spells                   Type           Power        Failure   Level
 Freeze                   Ice            ####         1%          1
 Summon Small Mammal      Summ           ####         1%          1
 Call Canine Familiar     Summ           ####....     2%          3
 Frozen Ramparts          Ice            ####..       2%          3
 Ozocubu's Armour         Ice            ####....     2%          3
 Summon Ice Beast         Ice/Summ       ####....     9%          4
 Summon Lightning Spire   Summ/Air       ###.....     26%         4


Dungeon Overview and Level Annotations

Branches:
Dungeon (8/15)             Temple (0/1) D:4            Lair (3/6) D:8
  Swamp (0/4) Lair:2       Spider (0/4) Lair:2

Altars:
Ashenzari
Dithmenos
Kikubaaqudgha
Qazlal
Sif Muna
Wu Jian
Zin
The Shining One

Shops:
D:7 (   D:8 *


Innate Abilities, Weirdness & Mutations

You cannot wear most types of armour.
You are very stealthy in the water. (Stealth+)
You are amphibious.
You can wear up to eight rings at the same time.
You can use your tentacles to constrict eight enemies at once.
Your skin changes colour to match your surroundings (Stealth+).
Your rubbery body absorbs attacks. (AC +1, EV +1)


Message History

Okay, then.
Unknown command.
Evoke which item? (* to show all) (? for menu, Esc to quit)
Okay, then.
Unknown command.
Okay, then.
Unknown command.
Casting: Summon Guardian Golem (dangerous; 7% risk of failure)
Confirm with . or Enter, or press ? or * to list all spells.
Okay, then.
You feel much better.
You are engulfed in calcifying dust.
Your limbs have turned to stone.
The catoblepas gores you!!
You have turned to stone.
You are engulfed in calcifying dust.
The catoblepas gores you!
You are engulfed in calcifying dust.
The catoblepas gores you!!
* * * LOW HITPOINT WARNING * * *
The catoblepas gores you!!
* * * LOW HITPOINT WARNING * * *
The catoblepas gores you!
You die...

#..........................
##..........................
#...........................
#...........................
##.............#..#.+#.#....
#...P...#......####.#####..
#...#.........####..#####..
#.>.....#P....##........'..
##...#...##@....##.....###..
#....+...#.Y)..###.######...
##...#.#.#.8...##### ###..
#....#.##......##.#####....
#..........................
#..........................
##############..##.########
#######


You could see a catoblepas and a friendly guardian golem (summoned).

Vanquished Creatures
  Gastronok (Lair:1)
  Harold (D:8)
  A boulder beetle (Lair:2)
  Erica (D:8)
  A hydra (Lair:3)
  3 bog bodies (Lair:2)
  Pikel (D:5)
  A manticore (D:8)
  Joseph (D:8)
  A black mamba (Lair:1)
  A rime drake (Lair:2)
  4 cane toads (Lair:1)
  4 komodo dragons
  Prince Ribbit (D:5)
  16 blink frogs
  Sigmund (D:3)
  17 yaks
  2 wyverns
  A basilisk (Lair:1)
  2 swamp worms (Lair:2)
  7 water moccasins
  An orc warrior (D:7)
  An ice beast (D:7)
  3 phantoms
  5 black bears (D:8)
  5 ogres
  A sky beast (D:7)
  13 wolves
  3 lemures (D:5)
  3 centaurs
  2 big kobolds
  A gnoll sergeant (D:7)
  11 bullfrogs
  4 scorpions
  The ghost of Antenora the Skirmisher, a weakling DrAK of Lugonu (D:3)
  A water moccasin skeleton (D:4)
  7 killer bees
  An electric eel (Lair:2)
  A howler monkey (D:7)
  4 vampire bats
  A centaur zombie (D:8)
  2 bullfrog zombies
  2 orc priests
  2 jellies
  Crazy Yiuf (D:5)
  2 hounds
  A bullfrog skeleton (D:6)
  A centaur skeleton (D:4)
  2 iguanas
  7 orc wizards
  10 worker ants
  2 hell rats (Lair:2)
  A hound zombie (D:5)
  2 hound skeletons
  8 adders
  15 gnolls
  9 river rats (Lair:2)
  A shadow imp (D:6)
  4 white imps
  2 ufetubi (D:5)
  An ooze (D:4)
  2 adder skeletons (D:4)
  6 worms
  A dart slug (D:1)
  2 leopard geckos (D:1)
  29 orcs
  5 bat skeletons (D:4)
  A bat zombie (D:4)
  11 giant cockroaches
  9 goblins
  3 hobgoblins
  20 jackals
  7 kobolds
  6 quokkas
  2 ball pythons
  7 bats
  4 frilled lizards
  A jackal zombie (D:6)
  A leopard gecko zombie (D:7)
  A quokka skeleton (D:5)
  9 rats
339 creatures vanquished.

Vanquished Creatures (collateral kills)
  A yak (Lair:1)
  A black bear (D:8)
  An orc (D:7)
  2 foxfires (Lair:2)
5 creatures vanquished.

Vanquished Creatures (others)
  A wolf (Lair:3)
  978 foxfires
  38 fungi
  43 plants
  2 withered plants (D:3)
1062 creatures vanquished.

Grand Total: 1406 creatures vanquished

Notes
Turn   | Place    | Note
-------+----------+-------------------------------------------
     0 | D:1      | Conn the Octopode Fire Elementalist began the quest for the
                  | Orb.
     0 | D:1      | Reached XP level 1. HP: 11/11 MP: 3/3
   246 | D:1      | Reached XP level 2. HP: 17/17 MP: 3/5
   975 | D:2      | Reached XP level 3. HP: 18/21 MP: 1/6
  1764 | D:3      | Reached XP level 4. HP: 27/27 MP: 1/7
  1827 | D:3      | Learned a level 3 spell: Conjure Flame
  1831 | D:3      | Learned a level 3 spell: Inner Flame
  1942 | D:3      | Found a runed translucent door.
  1944 | D:3      | Found a stormy altar of Qazlal.
  2345 | D:3      | Reached XP level 5. HP: 31/31 MP: 7/9
  2622 | D:3      | Reached skill level 3 in Spellcasting
  2731 | D:3      | Noticed Antenora's ghost (weakling DrAK)
  2937 | D:4      | Noticed a phantom
  2953 | D:4      | Killed a phantom
  2953 | D:4      | Reached XP level 6. HP: 28/37 MP: 2/11
  2959 | D:4      | Learned a level 4 spell: Sticky Flame
  3279 | D:4      | Found an ancient bone altar of Kikubaaqudgha.
  3302 | D:4      | Reached skill level 1 in Slings
  3306 | D:4      | Reached XP level 7. HP: 38/42 MP: 0/12
  3462 | D:4      | Reached skill level 4 in Spellcasting
  4284 | D:3      | Noticed Sigmund
  4353 | D:3      | Killed Sigmund
  4353 | D:3      | Reached skill level 5 in Fire Magic
  4487 | D:4      | Found a staircase to the Ecumenical Temple.
  4547 | D:4      | Found a shadowy altar of Dithmenos.
  5164 | D:3      | Killed Antenora's ghost
  5164 | D:3      | Reached XP level 8. HP: 47/47 MP: 10/15
  5387 | D:4      | Reached skill level 5 in Spellcasting
  5833 | D:5      | Entered Level 5 of the Dungeon
  5881 | D:5      | Noticed Prince Ribbit
  5889 | D:5      | Killed Prince Ribbit
  5889 | D:5      | Reached skill level 1 in Fighting
  5889 | D:5      | Reached skill level 1 in Short Blades
  5889 | D:5      | Reached skill level 5 in Conjurations
  5916 | D:5      | Learned a level 5 spell: Fireball
  6206 | D:5      | Got an ancient granite ring
  6207 | D:5      | Identified the ring "Cearch" {MR+ EV+4 Str+4} (You found it
                  | on level 5 of the Dungeon)
  6257 | D:5      | Found a shimmering blue altar of Sif Muna.
  6265 | D:5      | Became a worshipper of Sif Muna the Loreminder
  6269 | D:5      | Reached skill level 6 in Spellcasting
  6344 | D:5      | Found a runed translucent door.
  6345 | D:5      | Noticed Crazy Yiuf
  6371 | D:5      | Killed Crazy Yiuf
  6486 | D:5      | Reached XP level 9. HP: 49/53 MP: 10/18
  6638 | D:5      | Noticed Pikel
  6671 | D:5      | Killed Pikel
  7140 | D:6      | Reached skill level 7 in Spellcasting
  7166 | D:6      | Reached * piety under Sif Muna
  7738 | D:6      | Learned a level 2 spell: Call Imp
  7966 | D:6      | Found a glowing golden altar of the Shining One.
  8414 | D:7      | Found Fiextuall's Antique Weapon Emporium.
  8422 | D:7      | Bought a steaming glaive for 287 gold pieces
  8422 | D:7      | Identified the cursed +1 glaive "Jazor" {flame, rPois rF+
                  | rN+ Int-3} (You bought it in a shop on level 7 of the
                  | Dungeon)
  8448 | D:7      | Found an ornate altar of the Wu Jian Council.
  8827 | D:7      | Reached skill level 5 in Stealth
  8957 | D:7      | Reached skill level 1 in Polearms
  9017 | D:7      | Reached ** piety under Sif Muna
  9193 | D:7      | Reached XP level 10. HP: 44/58 MP: 11/21
  9619 | D:7      | Learned a level 3 spell: Summon Guardian Golem
  9848 | D:7      | Reached skill level 8 in Spellcasting
 10132 | D:7      | Learned a level 4 spell: Hailstorm
 10162 | D:8      | Noticed Erica
 10187 | D:8      | Killed Erica
 10187 | D:8      | Reached skill level 1 in Summonings
 10187 | D:8      | Reached skill level 1 in Ice Magic
 10396 | D:8      | Found Zin's Purification Station.
 10399 | D:8      | Found a glowing silver altar of Zin.
 10893 | D:8      | Found a broken altar of Ashenzari.
 10913 | D:8      | Found a staircase to the Lair.
 10934 | D:8      | Noticed a manticore
 11066 | D:8      | Killed a manticore
 11453 | D:8      | Noticed Joseph
 11817 | D:8      | Killed Joseph
 11817 | D:8      | Reached skill level 1 in Evocations
 11817 | D:8      | Reached XP level 11. HP: 43/63 MP: 12/23
 11827 | D:8      | Noticed Harold
 12005 | D:8      | Killed Harold
 12005 | D:8      | Reached skill level 9 in Spellcasting
 12176 | Lair:1   | Entered Level 1 of the Lair of Beasts
 12507 | Lair:1   | Reached *** piety under Sif Muna
 13194 | Lair:1   | Noticed Gastronok
 14074 | Lair:1   | Reached skill level 10 in Spellcasting
 14077 | Lair:1   | Reached XP level 12. HP: 34/71 MP: 12/26
 14354 | Lair:1   | Killed Gastronok
 14354 | Lair:1   | Reached skill level 1 in Invocations
 15035 | Lair:2   | Reached **** piety under Sif Muna
 15067 | Lair:2   | Found a hole to the Spider Nest.
 15796 | Lair:2   | Noticed a boulder beetle
 16509 | Lair:2   | Reached skill level 10 in Fire Magic
 16555 | Lair:2   | Reached skill level 5 in Ice Magic
 16847 | Lair:2   | Found a staircase to the Swamp.
 17028 | Lair:2   | Killed a boulder beetle
 17226 | Lair:3   | Noticed a four-headed hydra
 17527 | Lair:3   | Noticed a six-headed hydra
 17531 | Lair:3   | Killed a six-headed hydra
 17531 | Lair:3   | Reached skill level 11 in Spellcasting
 17531 | Lair:3   | Reached skill level 5 in Summonings
 17533 | Lair:3   | Noticed a catoblepas
 17539 | Lair:2   | Reached XP level 13. HP: 13/76 MP: 2/28
 18220 | Lair:2   | HP: 3/76 [catoblepas (12)]
 18221 | Lair:2   | Slain by a catoblepas

Illustrated notes

Levels and vault maps discovered:
D:1:      lemuel_arrival_hallway, layout_loops_cross
D:2:      layout_loops_ring
D:3:      layout_loops_corners, lemuel_round_altar, gammafunk_ghost_grave,
          roderic_batcave, minivault_5, uniq_sigmund
D:4:      layout_gridville, kennysheep_vampire_church,
          nicolae_dithmenos_through_a_glass_darkly,
          minmay_temple_entry_junction_2
D:5:      layout_gridville, basic_altar, lemuel_old_faithful,
          uniq_crazy_yiuf_cottage, uniq_pikel, uniq_prince_ribbit1
D:6:      layout_basic, nicolae_overflow_hidden_temple, sigmund_army
D:7:      layout_loops_corners, lemuel_doored_altar, serial_shops, shop,
          minmay_misc_feat_four_crosses, grunt_ministairs_7,
          minmay_joined_circles
D:8:      layout_gridville, zin_purify, evilmike_ruin_ashenzari,
          due_lair_maze_entry_diamond, serial_park_tiny_pond, uniq_erica,
          uniq_joseph, uniq_harold
Lair:1:   layout_cave_pods, grunt_megastairs_2, uniq_gastronok
Lair:2:   layout_regular_city, nicolae_swamp_entry_splash_gauntlet,
          nicolae_spider_entry_non_spiders, kennysheep_rathole,
          serial_bayou_shore_b, infiniplex_staircase_pool_2
Lair:3:   layout_big_grid, grunt_megastairs_4

Skill      XL: |  1  2  3  4  5  6  7  8  9 10 11 12 |
---------------+-------------------------------------+-----
Stealth        | 3 4 5 6 |  6.0
Fire Magic     | 4 5 6 7 8 9 10 | 10.3
Spellcasting   | 3 4 6 7 8 10 11 | 11.0
Conjurations   | 2 3 4 5 6 7 8 9 |  9.9
Slings         | 1 |  1.0
Dodging        | 3 4 |  4.2
Fighting       | 1 2 |  2.4
Short Blades   | 1 2 |  2.0
Polearms       | 1 2 3 |  3.2
Summonings     | 2 3 5 |  5.0
Ice Magic      | 2 4 5 |  5.3
Evocations     | 1 |  1.3
Invocations    | 3 |  3.4
Throwing       | |  0.1
Unarmed Combat | |  0.2
Hexes          | |  0.5

Action                   |  1- 3 |  4- 6 |  7- 9 | 10-12 | 13-15 || total
-------------------------+-------+-------+-------+-------+-------++-------
Melee: Unarmed           |     4 |       |       |       |       ||     4
       Constrict         |     7 |     6 |    19 |    11 |       ||    43
       Tentacles         |     3 |     3 |    17 |    10 |       ||    33
       Dagger            |    19 |    24 |    59 |       |       ||   102
       Punch             |       |       |     1 |       |       ||     1
       Glaive            |       |       |    18 |    68 |       ||    86
 Fire: Fustibalus        |       |     4 |       |       |       ||     4
Throw: Dart              |     3 |       |     1 |       |       ||     4
 Cast: Foxfire           |    42 |    78 |   217 |   217 |       ||   554
       Conjure Flame     |       |     2 |    12 |    10 |       ||    24
       Sticky Flame      |       |       |    12 |    64 |     4 ||    80
       Inner Flame       |       |       |     3 |     3 |       ||     6
       Call Imp          |       |       |     4 |    11 |       ||    15
       Fireball          |       |       |     1 |    56 |       ||    57
       Summon Guardian G |       |       |       |     8 |     1 ||     9
       Hailstorm         |       |       |       |     3 |       ||     3
Evoke: Wand              |       |       |       |    11 |     2 ||    13
  Use: Scroll            |       |     3 |     2 |     1 |       ||     6
       Potion            |       |     1 |     2 |    12 |     1 ||    16
 Stab: Sleeping          |     2 |     4 |    13 |     5 |       ||    24
       Distracted        |       |       |       |     1 |       ||     1
Armor: Skin              |     1 |    11 |     2 |    14 |     3 ||    31
Dodge: Dodged            |    20 |    52 |   116 |   259 |    15 ||   462

Table legend: (Time is in decaauts)
 A = Elapsed time spent in this place.
 B = Non-inter-level travel time spent in this place.
 C = Inter-level travel time spent in this place.
 D = Time resting spent in this place.
 E = Time spent auto-exploring this place.
 F = Levels seen in this place.
 G = Mean time per level.
                   A        B        C        D        E       F      G
               +--------+--------+--------+--------+--------+-----+--------+
         Total |  18250 |  17840 |    410 |   5163 |   7805 |  11 | 1659.1 |
       Dungeon |  12430 |  12104 |    326 |   2202 |   6332 |   8 | 1553.8 |
          Lair |   5819 |   5736 |     83 |   2961 |   1473 |   3 | 1939.7 |
               +--------+--------+--------+--------+--------+-----+--------+

Top non-repeatable levels by time:
  Lair:2: 3584 daAuts
     D:8: 2255 daAuts
  Lair:1: 2202 daAuts
     D:4: 2108 daAuts
     D:3: 1888 daAuts
     D:7: 1817 daAuts
     D:5: 1380 daAuts
     D:6: 1145 daAuts
     D:1: 944 daAuts
     D:2: 890 daAuts
  Lair:3: 32 daAuts
